 Dungeon Crawl Stone Soup version 0.29-a0-284-gf9362112df (webtiles) character file.

Game seed: 14662744116973153291

25 brightf1ame the Scratcher (level 2, -27/12 HPs)
             Began as a Felid Transmuter on Mar 23, 2022.
             Was an Initiate of Ru.
             Killed by an exploding gnoll (30 damage)
             ... ignited by their inner flame
             ... on level 4 of the Dungeon.
             The game lasted 00:16:24 (1246 turns).

brightf1ame the Scratcher (Felid Transmuter)        Turns: 1246, Time: 00:16:27

Health: -27/12     AC:  1    Str:  3 (6)  XL:     2   Next: 86%
Magic:  5/6        EV: 17    Int: 12 (14) God:    Ru [......]
Gold:   114        SH:  0    Dex: 15 (16) Spells: 2/5 levels left
                                        Lives:  0   Deaths: 0

rFire   . . .      SeeInvis +     - Unarmed
rCold   . . .      Faith    .   (shield unavailable)
rNeg    . . .      Spirit   .   (body armour unavailable)
rPois   .          Reflect  .   (helmet unavailable)
rElec   .          Harm     .   (cloak unavailable)
rCorr   .          Rampage  .   (gloves unavailable)
Will    .....                   (boots unavailable)
Stlth   +.........              (no amulet)
HPRegen 0.04/turn               (no ring)
MPRegen 0.10/turn               (no ring)

@: mighty, appendages (expiring), quick
A: horns 2, very small, claws 1, fangs 3, see invisible, speed 1, shaggy fur 1,
stealthy paws, no weapons or thrown items, no armour, multi-lived
a: End Transformation, Renounce Religion, Sacrifice Words, Sacrifice Love,
Sacrifice Stealth, Reject Sacrifices


You were on level 4 of the Dungeon.
You worshipped Ru.
Ru was noncommittal.
You had temporarily grown beastly horns.
You visited 1 branch of the dungeon, and saw 3 of its levels.

You collected 114 gold pieces.

Inventory:

Scrolls
 f - a scroll of identify
Potions
 a - a potion of lignification
 c - a potion of flight {unknown}
 e - a potion of degeneration


   Skills:
 + Level 1.0 Fighting
 + Level 2.9 Dodging
 + Level 3.4 Unarmed Combat
 + Level 2.4 Spellcasting
 + Level 2.6 Transmutations


You had 2 spell levels left.
You knew the following spells:

 Your Spells              Type           Power      Damage    Failure   Level
a - Beastly Appendage     Tmut           14%        N/A       9%          1
b - Wereblood             Tmut           7%         N/A       13%         2

Your spell library contained the following spells:

 Spells                   Type           Power      Damage    Failure   Level
 Spider Form              Tmut/Pois      4%         N/A       41%         3
 Gell's Gravitas          Tloc           1%         N/A       61%         3
 Lesser Beckoning         Tloc           1%         N/A       61%         3
 Teleport Other           Tloc           1%         N/A       61%         3
 Ice Form                 Ice/Tmut       4%         N/A       83%         4


Dungeon Overview and Level Annotations

Branches:
Dungeon (4/15)
 Temple: D:4-7

Altars:
Ru


Innate Abilities, Weirdness & Mutations

You have temporarily grown beastly horns.
You have sharp claws.
You have razor-sharp teeth.
You have supernaturally acute eyesight. (SInv)
You cover ground quickly. (Speed+)
You are covered in fur. (AC +1)
Your paws help you pounce on unaware monsters.
You are incapable of wielding weapons or throwing items.
You cannot wear armour.
You gain extra lives every three experience levels.


Message History

A dart slug and 2 gnolls come into view.
The gnoll shouts!
You hear an angry hiss.
The dart slug launches a dart at you. The slug dart hits you.
The gnoll shouts!
A gnoll comes into view. It is wielding a +0 whip.
Casting: Beastly Appendage (safe; 9% risk of failure)
Confirm with . or Enter, or press ? or * to list all spells.
You miscast Beastly Appendage.
You are very lightly contaminated with residual magic.
Nothing appears to happen.
The dart slug launches a dart at you. The slug dart misses you.
Casting: Beastly Appendage (safe; 9% risk of failure)
Confirm with . or Enter, or press ? or * to list all spells.
You grow a pair of large bovine horns.
The gnoll completely misses you.
You scratch the gnoll. You bite the gnoll.
The gnoll is moderately wounded.
The gnoll hits you with a +0 whip.
* * * LOW HITPOINT WARNING * * *
Read: scroll of immolation
Press: ? - help, Q - select action, (/) - cycle Dir - look around, f - activate Look: a gnoll, wielding a +0 whip (moderately wounded, susceptible)
As you read the scroll of immolation, it crumbles to dust.
The creatures around you are filled with an inner flame!
Your transformation is almost over.
The gnoll throws a throwing net.
The throwing net misses you.
Your magical contamination has completely faded away.
You see here a throwing net.
Casting: Beastly Appendage (safe; 9% risk of failure)
Confirm with . or Enter, or press ? or * to list all spells.
Okay, then.
You feel very mighty all of a sudden.
You barely miss the gnoll.
Flame seeps out of the gnoll.
You bite the gnoll!
The gnoll is almost dead.
The gnoll is engulfed in blazing flames.
The gnoll explodes!
The fiery explosion engulfs you!!
Ouch! That really hurt!
You die...

### ..# #.#
#.# #.# ##.##
######...####
............#
######§@§##.#
##○###.# #§#
#.# #.# #.#
#(# #.#
######g# #.#
#.....g# #.#
#.#.###.w#
#.#
....g....#
#.#


You could see 2 gnolls and a dart slug.

Vanquished Creatures
  A gnoll (D:4)
  2 endoplasms (D:1)
  2 giant cockroaches
  3 goblins
  5 hobgoblins
  A quokka (D:1)
  A ball python (D:1)
  A bat (D:1)
  A frilled lizard (D:1)
  4 kobolds
  2 rats
23 creatures vanquished.

Notes
Turn   | Place    | Note
-------+----------+-------------------------------------------
     0 | D:1      | brightf1ame the Felid Transmuter began the quest for the
                  | Orb.
     0 | D:1      | Reached XP level 1. HP: 9/9 MP: 4/4
   326 | D:1      | Reached XP level 2. HP: 9/12 MP: 4/6
   827 | D:1      | Learned a level 2 spell: Wereblood
   920 | D:2      | Found a faded altar of an unknown god.
   953 | D:2      | Prayed at the altar of an unknown god.
   953 | D:2      | Became a worshipper of Ru the Awakened
  1068 | D:2      | You fall into a shaft and drop 2 floors!
  1246 | D:4      | Killed by an exploding gnoll... ignited by their inner
                  | flame

Illustrated notes

Levels and vault maps discovered:
D:1:      erik_arrival_cave_to_civilisation [erik_arrival_cave_to_hall],
          layout_loops_ring, minmay_vboxes
D:2:      layout_rooms, hellmonk_ecumenical_altar_lost_god, minmay_liquid_box
D:4:      kennysheep_slugbush, layout_loops_ring, chequers_serial_rivers_large_b

Action                   || total
-------------------------++-------
Melee: Unarmed           ||    40
       Headbutt          ||     5
       Bite              ||     6
 Cast: Beastly Appendage ||    12
       Wereblood         ||     1
  Use: Potion            ||     6
       Scroll            ||     5
 Stab: Sleeping          ||     1
Dodge: Dodged            ||    22

Table legend: (Time is in decaauts)
 A = Elapsed time spent in this place.
 B = Non-inter-level travel time spent in this place.
 C = Inter-level travel time spent in this place.
 D = Time resting spent in this place.
 E = Time spent auto-exploring this place.
 F = Levels seen in this place.
 G = Mean time per level.
                   A        B        C        D        E       F      G
               +--------+--------+--------+--------+--------+-----+--------+
         Total |    994 |    359 |    635 |      0 |      0 |   3 |  331.3 |
       Dungeon |    994 |    359 |    635 |      0 |      0 |   3 |  331.3 |
               +--------+--------+--------+--------+--------+-----+--------+

Top non-repeatable levels by time:
     D:1: 716 daAuts
     D:4: 144 daAuts
     D:2: 133 daAuts
